 Dungeon Crawl Stone Soup version 0.29.0-7-g18a832c13a (webtiles) character file.

Game seed: 6233853133861468

388 VictoriousLee the Chopper (level 7, -3/52 HPs)
             Began as a Formicid Abyssal Knight on Sept 1, 2022.
             Was an Elder of Lugonu.
             Splashed by a jelly's acid (9 damage)
             ... on level 4 of the Dungeon.
             The game lasted 00:18:22 (4880 turns).

VictoriousLee the Chopper (Formicid Abyssal Knight) Turns: 4880, Time: 00:18:22

Health: -3/52      AC: -11   Str: 19    XL:     7   Next: 7%
Magic:  8/8        EV:  7    Int: 10    God:    Lugonu [****..]
Gold:   203        SH: 10    Dex: 20    Spells: 6/6 levels left

rFire   . . .      SeeInvis +   a - +1 hand axe
rCold   . . .      Faith    .   n - +0 buckler
rNeg    . . .      Spirit   .   m - +0 chain mail
rPois   .          Reflect  +   (helmet unavailable)
rElec   .          Harm     .   (no cloak)
rCorr   .          Rampage  .   (no gloves)
Will    .....                   (no boots)
Stlth   ..........              d - amulet of reflection
HPRegen 0.17/turn               s - +6 ring of dexterity
MPRegen 0.11/turn               (no ring)

@: corroded
A: permanent stasis, dig shafts and tunnels, antennae 3, four strong arms
a: Dig, Shaft Self, Renounce Religion, Depart the Abyss, Bend Space, Banish,
Corrupt


You were on level 4 of the Dungeon.
You worshipped Lugonu.
Lugonu was greatly pleased with you.
You visited 2 branches of the dungeon, and saw 6 of its levels.
You visited the Abyss 1 time.

You collected 203 gold pieces.

Inventory:

Hand Weapons
 a - a +1 hand axe (weapon)
 y - a +0 war axe
Missiles
 g - 10 poisoned darts
 j - 48 stones
 x - 8 boomerangs
Armour
 b - a +0 leather armour
 m - a +0 chain mail (worn)
 n - a +0 buckler (worn)
 p - a +0 ring mail
 t - a +0 plate armour
Jewellery
 d - an amulet of reflection (around neck)
 q - a ring of fire
 s - a +6 ring of dexterity (left hand)
 v - a ring of flight
Wands
 w - a wand of polymorph (12)
Scrolls
 i - 4 scrolls of teleportation {unknown}
 k - a scroll of enchant weapon {unknown}
 l - a scroll of brand weapon {unknown}
 o - a scroll of butterflies {unknown}
 u - 2 scrolls of torment {unknown}
Potions
 c - a potion of ambrosia {unknown}
 e - 3 potions of cancellation
 f - a potion of lignification
 h - a potion of heal wounds
 r - 2 potions of invisibility
 z - 2 potions of attraction
 A - a potion of brilliance


   Skills:
 - Level 3.2 Fighting
 + Level 6.8 Axes
 - Level 2.1 Armour
 - Level 0.8 Dodging
 - Level 2.0 Shields
 - Level 2.1 Invocations


You had 6 spell levels left.
You didn't know any spells.
Your spell library was empty.

Dungeon Overview and Level Annotations

Branches:
Dungeon (5/15)             Temple (1/1) D:4

Altars:
Ashenzari
Cheibriados
Dithmenos
Elyvilon
Fedhas
Gozag
Hepliaklqana
Nemelex Xobeh
Okawaru
Qazlal
Ru
Sif Muna
Uskayaw
Wu Jian
Yredelemnul
Zin
The Shining One

Shops:
D:2 :=   D:4 [

Annotations:
D:4 2 transporters, 2 runed translucent doors, benadryl's ghost, amateur DsAK


Innate Abilities, Weirdness & Mutations

You cannot be hasted, slowed, berserked, paralysed or teleported.
You can dig through walls and to a lower floor.
You have a pair of large antennae on your head. (SInv)
Your four strong arms can wield two-handed weapons with a shield.


Message History

The jelly is severely wounded.
You block the jelly's attack.
You hit the jelly but do no damage.
Your hands burn!
The jelly is severely wounded.
You block the jelly's attack.
You hit the jelly but do no damage.
Your hands burn!
The jelly is severely wounded.
The jelly barely misses you. The jelly hits you.
You are splashed with acid!
You hit the jelly but do no damage.
Your hands burn!
The jelly is severely wounded.
The jelly attacks as you move away! You block the jelly's attack.
The jelly attacks as you move away! The jelly completely misses you.
The jelly attacks as you move away! You block the jelly's attack.
Okay, then.
Okay, then.
Press: ? - help, v - describe, . - travel The floor.
Unknown command.
Okay, then.
Okay, then.
The jelly attacks as you move away! The jelly hits you.
You are splashed with acid!
* * * LOW HITPOINT WARNING * * *
You feel much better. You block the jelly's attack.
You hit the jelly.
Your hands burn!
The jelly is almost dead.
The jelly barely misses you.
You hit the jelly but do no damage. The acid corrodes you!
Your hands burn!
The jelly is almost dead.
The jelly hits you.
You are splashed with acid!
You hit the jelly but do no damage.
Your hands burn!
The jelly is almost dead.
The jelly hits you.
* * * LOW HITPOINT WARNING * * *
The acid corrodes you!
You are splashed with acid.
* * * LOW HITPOINT WARNING * * *
You fail to use your ability.
The jelly hits you.
* * * LOW HITPOINT WARNING * * *
The acid corrodes you!
You are splashed with acid!
You die...

#.>..........©...!.........
#...#.....##.........##.###
#....#...##..........##.#
#.#.....###..##..###....###
##...#)...............##>...
#####...###.....#########...#...
##.8.#...........# ##......
#........##.....J######## #......
.8.>.8..........@##.....# #......
.........##......##.....# #......
.#.8.#...##.............# #......
........####.#........<.###......
........# #.#...........##......
........####..............######.
.............#.......####..#####.
.......#####.##..................
.......## ####.....######.......


You could see a jelly.

Vanquished Creatures
  A centaur (D:4)
  A hound (D:4)
  Ijyb (D:4)
  Natasha (thrice) (D:2)
  A gnoll (D:1)
  5 adders
  3 worms
  5 dart slugs
  5 orcs (D:3)
  9 endoplasms
  3 giant cockroaches
  13 goblins
  12 hobgoblins
  2 jackals (D:2)
  7 kobolds
  6 quokkas
  4 ball pythons
  7 bats
  6 frilled lizards
  4 rats
98 creatures vanquished.

Vanquished Creatures (others)
  4 plants (D:3)
4 creatures vanquished.

Grand Total: 102 creatures vanquished

Notes
Turn   | Place    | Note
-------+----------+-------------------------------------------
     0 | Abyss:1  | VictoriousLee the Formicid Abyssal Knight began the quest
                  | for the Orb.
     0 | Abyss:1  | Reached XP level 1. HP: 18/18 MP: 2/2
     3 | Abyss:1  | Found a corrupted altar of Lugonu.
    36 | Abyss:1  | Noticed a tentacled starspawn
    37 | D:1      | Escaped the Abyss
   189 | D:1      | Reached ** piety under Lugonu
   213 | D:1      | Reached XP level 2. HP: 22/24 MP: 3/3
   384 | D:1      | Reached skill level 3 in Axes
   384 | D:1      | Reached XP level 3. HP: 21/29 MP: 4/4
  1044 | D:1      | Found a faded altar of an unknown god.
  1631 | D:2      | Reached skill level 4 in Axes
  1631 | D:2      | Reached XP level 4. HP: 30/35 MP: 5/5
  1741 | D:2      | Found Huekh's Book Shoppe.
  1894 | D:2      | Noticed Natasha
  1928 | D:2      | Killed Natasha
  1928 | D:2      | Reached *** piety under Lugonu
  2100 | D:2      | Noticed Natasha
  2125 | D:2      | Killed Natasha
  2126 | D:2      | Reached skill level 5 in Axes
  2126 | D:2      | Reached XP level 5. HP: 33/40 MP: 6/6
  2485 | D:2      | Found Cosaddout's Jewellery Shop.
  2620 | D:2      | Noticed Natasha
  2637 | D:2      | Killed Natasha
  2638 | D:2      | Reached skill level 1 in Shields
  3369 | D:3      | Reached XP level 6. HP: 47/47 MP: 7/7
  4004 | D:4      | Reached **** piety under Lugonu
  4008 | D:4      | Reached skill level 6 in Axes
  4035 | D:4      | Found a staircase to the Ecumenical Temple.
  4055 | Temple   | Entered the Ecumenical Temple
  4330 | D:4      | Found a transporter.
  4332 | D:4      | Found a transporter.
  4355 | D:4      | Found a large runed translucent door.
  4369 | D:4      | Found a large runed translucent door.
  4370 | D:4      | Noticed benadryl's ghost (amateur DsAK)
  4504 | D:4      | Found Poyro's Antique Armour Boutique.
  4512 | D:4      | Noticed Ijyb
  4542 | D:4      | Killed Ijyb
  4543 | D:4      | Reached XP level 7. HP: 39/52 MP: 8/8
  4850 | D:5      | Entered Level 5 of the Dungeon
  4880 | D:4      | Splashed by a jelly's acid

Illustrated notes

Levels and vault maps discovered:
D:1:      lightli_arrival_farm, layout_rooms,
          shapermc_ecumenical_altar_totnotflames, serial_co_window_serial,
          co_window_corner_a, co_window_corner_a, co_window_corner_a,
          co_window_paths_a, co_window_paths_a, co_window_paths_a,
          co_window_cross_4, co_window_corner_b, co_window_corner_ca,
          co_window_of_opportunity_b, co_window_corner_ca,
          co_window_of_opportunity_b, co_window_corner_b, co_window_4corner_a,
          glass_columns_a, glass_columns_a, glass_columns_a, glass_columns_c,
          minmay_misc_feat_rows, amethyst_killhole
D:2:      kennysheep_the_goblin_king, layout_loops_ring, serial_shops,
          nicolae_shop_window_shopping, shop, minmay_tripent, uniq_natasha
D:3:      wad_lake_hut, layout_rooms, grunt_ministairs_13,
          grunt_decor_mini_mirrors, minmay_misc_feat_diagonals
D:4:      gammafunk_steamed_eel, layout_rooms,
          minmay_temple_entry_statues_pillars, serial_shops, shop,
          ebering_ghost_disaster_area, uniq_ijyb
D:5:      lemuel_insect_pit, layout_cave_pools, vehumet_statue,
          kennysheep_little_box, serial_co_window_serial, co_window_paths_a,
          co_window_paths_a, co_window_paths_a, co_window_of_opportunity_a,
          co_window_paths_a, co_window_corner_a, co_window_of_opportunity_a,
          co_window_broadway_b, co_window_broadway_b, co_window_broadway_a,
          co_window_corner_b, co_window_of_opportunity_b
Temple:   minmay_temple_bridge_d

Skill      XL: |  1  2  3  4  5  6 |
---------------+-------------------+-----
Axes           | 3 4 5 6 |  6.8
Shields        | 2 |  2.0
Fighting       | |  3.2
Armour         | |  2.1
Dodging        | |  0.8
Invocations    | |  2.1

Action                   |  1- 3 |  4- 6 |  7- 9 || total
-------------------------+-------+-------+-------++-------
Melee: Hand axe          |    90 |   234 |    14 ||   338
       Punch             |     3 |       |       ||     3
Invok: Depart the Abyss  |     1 |       |       ||     1
 Abil: Dig               |       |     1 |       ||     1
  Use: Scroll            |       |     7 |       ||     7
       Potion            |       |     1 |     1 ||     2
 Stab: Sleeping          |     1 |       |       ||     1
       Invisible         |       |     3 |       ||     3
Armor: Leather armour    |    20 |     1 |       ||    21
       Chain mail        |       |    67 |       ||    67
Dodge: Dodged            |    44 |    61 |     7 ||   112
Block: Other             |    16 |    14 |       ||    30
       Buckler           |       |    50 |     5 ||    55
       Reflection        |       |     3 |       ||     3
